 Dungeon Crawl Stone Soup version 0.21.1-1-g345015f (webtiles) character file.

758 wilfster70 the Slinger (level 8, 0/49 HPs)
             Began as a Halfling Warper on June 12, 2018.
             Was an Initiate of Okawaru.
             Slain by Grinder (5 damage)
             ... on level 5 of the Dungeon.
             The game lasted 00:21:35 (5536 turns).

wilfster70 the Slinger (Halfling Warper)            Turns: 5536, Time: 00:21:35

Health: 0/49       AC:  8    Str: 18    XL:     8   Next: 7%
Magic:  10/10      EV: 19    Int: 16    God:    Okawaru [......]
Gold:   159        SH:  0    Dex: 19    Spells: 2/10 levels left

rFire    . . .     SeeInvis .   w - +7 trident of Deliatir {protect, Str+5}
rCold    . . .     Gourm    .   (shield currently unavailable)
rNeg     . . .     Faith    .   r - +0 ring mail
rPois    .         Spirit   .   p - +2 hat
rElec    .         Reflect  .   (no cloak)
rCorr    .         Harm     .   l - +0 pair of gloves
MR       .....                  (no boots)
Stlth    +++.......             (no amulet)
HPRegen  0.16/turn              e - ring of stealth
MPRegen  0.12/turn              m - +4 ring of intelligence

@: agile
A: small, mutation resistance 1
a: Renounce Religion


You were on level 5 of the Dungeon.
You worshipped Okawaru.
Okawaru was noncommittal.
You were near starving.

You visited 2 branches of the dungeon, and saw 7 of its levels.

You collected 159 gold pieces.

Inventory:

Hand Weapons
 a - a +0 short sword
 b - a +0 hunting sling
 w - the +7 trident of Deliatir (weapon) {protect, Str+5}
   (You took it off a centaur on level 6 of the Dungeon)

   It protects the one who uses it against injury (+AC on strike).
   It affects your strength (+5).
Missiles
 i - 9 poisoned needles
 j - 4 stones (quivered)
Armour
 l - a +0 pair of gloves (worn)
 o - a +0 helmet
 p - a +2 hat (worn)
 r - a +0 ring mail (worn)
Jewellery
 e - a ring of stealth (left hand)
 m - a +4 ring of intelligence (right hand)
Scrolls
 d - 2 scrolls of blinking
 g - a scroll of fog {unknown}
 q - a scroll of teleportation
Potions
 n - a potion of experience {unknown}
 s - a potion of invisibility
 t - a potion of magic {unknown}
 u - a potion of mutation {unknown}
 v - a potion of cancellation
Books
 c - a book of Spatial Translocations

   Spells                             Type                      Level
   a - Blink                          Translocation                2
   b - Shroud of Golubria             Charms/Translocation         2
   c - Lesser Beckoning               Translocation                3
   d - Gell's Gravitas                Translocation                3
   e - Teleport Other                 Translocation                3
   f - Passage of Golubria            Translocation                4
Comestibles
 f - 5 rations


   Skills:
 - Level 1.7 Fighting
 - Level 3.1 Short Blades
 * Level 9.6(9.7) Slings
 - Level 1.0(4.2) Throwing
 - Level 1.2 Armour
 - Level 2.1 Dodging
 - Level 1.5 Spellcasting
 + Level 4.4 Charms
 + Level 3.6 Translocations


You had 2 spell levels left.
You knew the following spells:

 Your Spells              Type           Power        Failure   Level  Hunger
a - Blink                 Tloc           N/A          13%         2    ###....
b - Shroud of Golubria    Chrm/Tloc      ##........   11%         2    ###....
c - Passage of Golubria   Tloc           N/A          65%         4    #####..


Dungeon Overview and Level Annotations

Branches:
Dungeon (6/15)             Temple (1/1) D:5

Altars:
Ashenzari
Cheibriados
Hepliaklqana
Okawaru
Ru
Sif Muna
Vehumet
Xom
Yredelemnul
Zin

Annotations:
D:3 inc's ghost, amateur OpIE
D:5 Grinder


Innate Abilities, Weirdness & Mutations

You are small and have problems with some larger weapons.
You are somewhat resistant to further mutation.


Message History

Aim: Grinder (severely wounded)
You throw a stone.
The stone hits Grinder but does no damage.
Grinder is severely wounded.
It was a potion of cancellation.
Your magical effects are unravelling.
You feel magically purged.
You feel a little less mighty now. Grinder closely misses you.
It was a potion of agility.
You feel agile all of a sudden. Grinder closely misses you.
Wield which item (- for none, * to show all)? (? for menu, Esc to quit)
The +7 trident of Deliatir {protect, Str+5} hums with potential!
w - the +7 trident of Deliatir (weapon)
{protect, Str+5} Grinder barely misses you.
You barely miss Grinder.
Grinder is severely wounded.
Grinder hits you.
You die...

................#
##..............#
##..............#
..
##..............#
.#
##.####+###.....#
..# ...# #.....#
...# ...#
#.....##### .#.#
...#
##........#####...#
...#
#...>@5.(##.....[#
...#
#?......(##..5...#
####
#........('......#
#
#.........#......#
#
#.........#......#
#.........#......#
#.........+......#
###########......#
...##.##


You could see Grinder.

Vanquished Creatures
  An ogre (D:5)
  2 sky beasts (D:5)
  2 centaurs
  A crimson imp (D:6)
  A hound (D:4)
  An orc priest (D:3)
  Jessica (D:2)
  3 worker ants
  8 adders
  A worm (D:3)
  5 dart slugs
  3 leopard geckos
  12 orcs
  A ball python (D:2)
  5 bats
  7 giant cockroaches
  5 goblins
  6 hobgoblins
  5 jackals
  3 kobolds (D:1)
  A quokka (D:6)
  5 rats
  A spectral orc (D:4)
80 creatures vanquished.

Notes
Turn   | Place    | Note
-------+----------+-------------------------------------------
     0 | D:1      | wilfster70 the Halfling Warper began the quest for the Orb.
     0 | D:1      | Reached XP level 1. HP: 14/14 MP: 3/3
   175 | D:1      | Reached XP level 2. HP: 17/19 MP: 4/4
   179 | D:1      | Learned a level 2 spell: Blink
   182 | D:1      | Learned a level 2 spell: Shroud of Golubria
   243 | D:1      | Reached skill level 1 in Slings
   567 | D:1      | Reached skill level 2 in Slings
   772 | D:1      | Reached XP level 3. HP: 24/24 MP: 5/5
  1013 | D:2      | Noticed Jessica
  1017 | D:2      | Killed Jessica
  1017 | D:2      | Reached skill level 4 in Slings
  1017 | D:2      | Reached XP level 4. HP: 29/29 MP: 6/6
  1139 | D:2      | Found a shimmering altar of Xom.
  1140 | D:2      | Found a shimmering altar of Xom.
  1142 | D:2      | Found a shimmering altar of Xom.
  1142 | D:2      | Found a shimmering altar of Xom.
  1144 | D:2      | Found a shimmering altar of Xom.
  1211 | D:2      | Found a shimmering altar of Xom.
  1215 | D:2      | Found a shimmering altar of Xom.
  1688 | D:2      | Reached skill level 1 in Charms
  1857 | D:2      | Reached skill level 5 in Slings
  2037 | D:2      | Reached XP level 5. HP: 34/34 MP: 7/7
  2214 | D:3      | Noticed inc's ghost (amateur OpIE)
  3592 | D:3      | Reached skill level 6 in Slings
  3770 | D:3      | Reached XP level 6. HP: 39/39 MP: 8/8
  4369 | D:4      | Reached skill level 7 in Slings
  4519 | D:4      | Found a glowing silver altar of Zin.
  4631 | D:4      | Found a basalt altar of Yredelemnul.
  4657 | D:5      | Entered Level 5 of the Dungeon
  4691 | D:5      | Noticed a hippogriff
  4898 | D:5      | Reached XP level 7. HP: 44/44 MP: 9/9
  4999 | D:6      | Reached skill level 8 in Slings
  5009 | D:6      | Got an uncursed bloodstained trident {protect}
  5010 | D:6      | Identified the +7 trident of Deliatir {protect, Str+5} (You took it off a centaur on level 6 of the Dungeon)
  5232 | D:5      | Found a staircase to the Ecumenical Temple.
  5241 | Temple   | Entered the Ecumenical Temple
  5269 | Temple   | Became a worshipper of Warmaster Okawaru
  5339 | D:5      | Reached skill level 9 in Slings
  5346 | D:5      | Learned a level 4 spell: Passage of Golubria
  5398 | D:5      | Reached XP level 8. HP: 30/49 MP: 10/10
  5504 | D:5      | Noticed Grinder
  5508 | D:5      | Paralysed by Grinder for 4 turns
  5514 | D:5      | HP: 1/49 [Grinder (2)]
  5517 | D:5      | Paralysed by Grinder for 4 turns
  5536 | D:5      | Slain by Grinder

Skill      XL: |  1  2  3  4  5  6  7 |
---------------+----------------------+-----
Short Blades   | 3 |  3.1
Slings         | 2 4 5 6 7 9 |  9.6
Charms         | 1 2 3 4 |  4.4
Fighting       | |  1.7
Throwing       | |  1.0
Armour         | |  1.2
Dodging        | |  2.1
Spellcasting   | |  1.5
Translocations | |  3.6

Action                   |  1- 3 |  4- 6 |  7- 9 || total
-------------------------+-------+-------+-------++-------
Melee: Short sword       |    31 |    20 |    31 ||    82
       Trident           |       |       |    35 ||    35
 Fire: Hunting sling     |    53 |   272 |     6 ||   331
Throw: Tomahawk          |       |     5 |       ||     5
       Stone             |       |       |     5 ||     5
 Cast: Blink             |       |     5 |       ||     5
  Use: Scroll            |     2 |     5 |       ||     7
       Potion            |       |     1 |     5 ||     6
 Stab: Invisible         |       |       |     1 ||     1
  Eat: Chunk             |       |     9 |       ||     9
       Ration            |       |     1 |       ||     1
Armor: Leather armour    |    12 |       |       ||    12
       Ring mail         |     4 |    81 |    25 ||   110
Dodge: Dodged            |    52 |   158 |    50 ||   260
